1887 views
Uploaded 2022-12-13 08:31:34
Game version 1.32.10
17:21 long 1on1 ladder game on (4)TurtleRock
Saved by DKnight
1887 views
Uploaded 2022-12-13 08:31:34
Game version 1.32.10
17:21 long 1on1 ladder game on (4)TurtleRock

27 units @ 4.6k
/ 0.7k
10 buildings @ 1.6k
/ 0.5k


| Rod of Necromancy | 2 | 300 |
| Orb of Corruption | 1 | 375 |
| Potion of Healing | 2 | 300 |
| Potion of Mana | 1 | 200 |
| Dust of Appearance | 1 | 75 |
| Scroll of Healing | 2 | 500 |
| total: | 9 | 1750g |
| Acolyte | 3 | 225 | / | 0 |
| Ghoul | 8 | 960 | / | 0 |
| Crypt Fiend | 10 | 2150 | / | 400 |
| Obsidian Statue | 4 | 800 | / | 140 |
| Abomination | 2 | 480 | / | 140 |
| total: | 27 | 4615g | / | 680w |
| Nerubian Tower | 1 | 100 | / | 20 |
| Crypt | 1 | 200 | / | 50 |
| Altar of Darkness | 1 | 180 | / | 50 |
| Ziggurat | 5 | 750 | / | 250 |
| Tomb of Relics | 1 | 130 | / | 30 |
| Graveyard | 1 | 215 | / | 0 |
| Slaughterhouse | 1 | 140 | / | 135 |
| Halls of the Dead | 1 | 320 | / | 210 |
| Black Citadel | 1 | 325 | / | 230 |
| total: | 10 | 1615g | / | 515w |
| 0:03 | Acolyte |
| 0:03 | Acolyte |
| 0:10 | Crypt |
| 0:14 | Altar of Darkness |
| 0:32 | Ziggurat |
| 0:42 | Acolyte |
| 0:58 | Tomb of Relics |
| 1:11 | Ghoul |
| 1:31 | Ghoul |
| 1:34 | Ziggurat |
| 1:49 | Ghoul |
| 2:21 | Rod of Necromancy |
| 2:22 | Death Coil |
| 2:24 | Ghoul |
| 2:49 | Halls of the Dead |
| 3:03 | Ghoul |
| 3:21 | Ziggurat |
| 3:24 | Ghoul |
| 4:24 | Ghoul |
| 4:25 | Nerubian Tower |
| 4:28 | Graveyard |
| 5:15 | Rod of Necromancy |
| 5:16 | Unholy Aura |
| 5:20 | Dust of Appearance |
| 5:34 | Ghoul |
| 5:54 | Crypt Fiend |
| 6:04 | Slaughterhouse |
| 6:10 | Frost Nova |
| 6:45 | Burrow |
| 7:19 | Obsidian Statue |
| 7:21 | Black Citadel |
| 7:22 | Crypt Fiend |
| 7:47 | Dark Ritual |
| 9:05 | Crypt Fiend |
| 9:08 | Ziggurat |
| 9:47 | Orb of Corruption |
| 9:50 | Potion of Healing |
| 9:55 | Ziggurat |
| 10:02 | Ghoul Frenzy |
| 10:05 | Obsidian Statue |
| 10:06 | Destroyer Form |
| 11:09 | Obsidian Statue |
| 11:12 | Crypt Fiend |
| 11:25 | Death Coil |
| 11:35 | Crypt Fiend |
| 11:50 | Crypt Fiend |
| 11:51 | Obsidian Statue |
| 11:54 | Creature Attack |
| 12:19 | Crypt Fiend |
| 13:29 | Scroll of Healing |
| 13:39 | Potion of Healing |
| 13:39 | Potion of Mana |
| 13:47 | Crypt Fiend |
| 13:48 | Abomination |
| 13:48 | Disease Cloud |
| 13:54 | Frost Nova |
| 14:44 | Crypt Fiend |
| 14:45 | Abomination |
| 14:49 | Scroll of Healing |
| 15:53 | Crypt Fiend |
| 15:57 | Creature Carapace |
| 16:47 | Dark Ritual |
| Right click | 1082 |
| Select group | 608 |
| Select | 350 |
| Build/train/purchase | 79 |
| Assign group | 60 |
| Misc. action | 48 |
| Use ability | 44 |
| Chat | 14 |
| Item give/drop | 9 |
| Remove unit | 1 |
31 units @ 3.9k
/ 0.8k
15 buildings @ 2.7k
/ 1.1k


| Scroll of Town Portal | 1 | 350 |
| Boots of Speed | 1 | 250 |
| Potion of Lesser Invulnerability | 1 | 150 |
| total: | 3 | 750g |
| Wisp | 13 | 780 | / | 0 |
| Huntress | 5 | 975 | / | 100 |
| Glaive Thrower | 4 | 840 | / | 260 |
| Dryad | 6 | 870 | / | 360 |
| Archer | 3 | 390 | / | 30 |
| total: | 31 | 3855g | / | 750w |
| Altar of Elders | 2 | 360 | / | 100 |
| Moon Well | 6 | 1080 | / | 240 |
| Hunter's Hall | 1 | 210 | / | 100 |
| Ancient of War | 2 | 300 | / | 120 |
| Ancient of Wonders | 1 | 90 | / | 30 |
| Tree of Life | 1 | 340 | / | 185 |
| Ancient of Lore | 2 | 310 | / | 290 |
| Tree of Ages | 1 | 320 | / | 180 |
| Tree of Eternity | 1 | 330 | / | 200 |
| total: | 15 | 2690g | / | 1065w |
| 0:06 | Altar of Elders |
| 0:06 | Moon Well |
| 0:07 | Wisp |
| 0:07 | Wisp |
| 0:08 | Altar of Elders |
| 0:22 | Wisp |
| 0:33 | Wisp |
| 0:36 | Wisp |
| 0:56 | Wisp |
| 1:26 | Wisp |
| 1:45 | Hunter's Hall |
| 1:48 | Ancient of War |
| 1:50 | Wisp |
| 1:50 | Wisp |
| 2:03 | Moon Well |
| 2:10 | Entangling Roots |
| 2:26 | Ancient of War |
| 3:03 | Huntress |
| 3:05 | Moon Well |
| 3:20 | Ultravision |
| 3:25 | Huntress |
| 3:28 | Huntress |
| 4:28 | Tree of Ages |
| 4:29 | Huntress |
| 5:07 | Glaive Thrower |
| 5:30 | Ancient of Wonders |
| 5:33 | Moon Well |
| 5:57 | Thorns Aura |
| 6:02 | Glaive Thrower |
| 6:21 | Huntress |
| 6:49 | Ancient of Lore |
| 6:50 | Ancient of Lore |
| 8:19 | Dryad |
| 8:22 | Wisp |
| 8:22 | Wisp |
| 8:22 | Wisp |
| 8:23 | Wisp |
| 10:00 | Trueshot Aura |
| 10:03 | Glaive Thrower |
| 10:20 | Moon Well |
| 10:21 | Moon Well |
| 10:47 | Entangling Roots |
| 10:54 | Abolish Magic |
| 11:25 | Boots of Speed |
| 11:25 | Potion of Lesser Invulnerability |
| 11:31 | Glaive Thrower |
| 11:32 | Vorpal Blades |
| 11:33 | Dryad |
| 11:51 | Searing Arrows |
| 11:56 | Tree of Life |
| 13:45 | Archer |
| 13:46 | Dryad |
| 14:45 | Archer |
| 14:46 | Improved Bows |
| 14:56 | Scroll of Town Portal |
| 14:59 | Tree of Eternity |
| 15:12 | Thorns Aura |
| 15:22 | Archer |
| 15:24 | Dryad |
| 15:57 | Trueshot Aura |
| 17:01 | Dryad |
| 17:01 | Dryad |
| Right click | 730 |
| Select group | 452 |
| Select | 380 |
| Build/train/purchase | 54 |
| Misc. action | 33 |
| Assign group | 27 |
| Use ability | 24 |
| Chat | 4 |
| Esc | 1 |